 Dungeon Crawl Stone Soup version 0.29.1-15-g9cfb28693d (webtiles) character file.

Game seed: 15736111597174561365

2993 MacCMillion the Cleaver (level 9, 0/79 HPs)
             Began as a Hill Orc Fighter on Feb 28, 2023.
             Was a Priest of Beogh.
             Killed from afar by Erica (7 damage)
             ... with a bolt of poison
             ... on level 8 of the Dungeon.
             The game lasted 00:23:27 (9638 turns).

MacCMillion the Cleaver (Hill Orc Fighter)          Turns: 9638, Time: 00:23:28

Health: 0/79       AC: 15    Str: 23    XL:     9   Next: 83%
Magic:  11/11      EV:  7    Int:  8    God:    Beogh [***...]
Gold:   403        SH:  5    Dex: 16    Spells: 8/8 levels left

rFire   + . .      SeeInvis .   a - +0 war axe
rCold   . . .      Faith    .   c - +0 buckler
rNeg    . . .      Spirit   .   B - +0 chain mail
rPois   .          Reflect  .   r - +0 helmet
rElec   .          Harm     .   I - +0 cloak
rCorr   .          Rampage  .   C - +0 pair of gloves
Will    .....                   o - +0 pair of boots "Safuom" {+Blink +Inv}
Stlth   ..........              (no amulet)
HPRegen 0.23/turn               u - ring of protection from fire
MPRegen 0.12/turn               b - +6 ring of dexterity

@: lethally poisoned (0 -> -14)
A: no striking features
a: Renounce Religion, Evoke Blink, Evoke Invisibility, Smiting


You were on level 8 of the Dungeon.
You worshipped Beogh.
Beogh was most pleased with you.
You visited 1 branch of the dungeon, and saw 8 of its levels.

You collected 403 gold pieces.

Inventory:

Hand Weapons
 a - a +0 war axe (weapon)
 M - a +2 vorpal hand axe
Missiles
 g - 30 poisoned darts (quivered)
 D - a boomerang
Armour
 c - a +0 buckler (worn)
 o - the +0 pair of boots "Safuom" (worn) {+Blink +Inv}
   (You found it on level 3 of the Dungeon)

   +Inv:      It lets you turn invisible.
   +Blink:    It lets you blink.
 q - the +0 chain mail of Arcadian the Leaf {rPois Will- Str+7}
   (You found it on level 3 of the Dungeon)

   Str:       It affects your strength (+7).
   rPois:     It protects you from poison.
   Will:      It decreases your willpower.
 r - a +0 helmet (worn)
 B - a +0 chain mail (worn)
 C - a +0 pair of gloves (worn)
 I - a +0 cloak (worn)
Jewellery
 b - a +6 ring of dexterity (right hand)
 l - a +6 ring of intelligence
 u - a ring of protection from fire (left hand)
 w - a ring of ice
Wands
 t - a wand of digging (6)
 y - a wand of flame (34)
 J - a wand of mindburst (16)
Scrolls
 f - 4 scrolls of teleportation {unknown}
 h - a scroll of magic mapping {unknown}
 i - 2 scrolls of amnesia
 k - a scroll of blinking
 m - a scroll of summoning {unknown}
 p - a scroll of noise {unknown}
 s - a scroll of immolation {unknown}
 v - a scroll of vulnerability {unknown}
 G - 2 scrolls of fear {unknown}
 H - a scroll of butterflies {unknown}
 N - a scroll of enchant weapon {unknown}
 O - a scroll of brand weapon {unknown}
Potions
 d - 3 potions of might
 e - 2 potions of attraction
 j - a potion of resistance {unknown}
 n - 3 potions of heal wounds
 x - a potion of lignification
 z - 3 potions of mutation
 A - 4 potions of ambrosia {unknown}
 E - a potion of flight {unknown}
 F - 2 potions of haste {unknown}
 K - 4 potions of curing
 L - a potion of invisibility


   Skills:
 - Level 7.3 Fighting
 * Level 13.5 Axes
 - Level 5.7 Armour
 - Level 3.0 Stealth
 - Level 4.0 Shields
 + Level 2.8 Invocations


You had 8 spell levels left.
You didn't know any spells.
Your spell library contained the following spells:

 Spells                   Type           Power      Damage    Failure   Level
 Sandblast                Erth           0%         2d4       99%         1
 Passwall                 Tmut/Erth      0%         N/A       99%         2
 Call Canine Familiar     Summ           0%         N/A       100%        3
 Confusing Touch          Hex            0%         N/A       100%        3
 Ignite Poison            Fire/Tmut/Pois 0%         N/A       100%        3
 Mephitic Cloud           Conj/Pois/Air  0%         N/A       100%        3
 Portal Projectile        Hex/Tloc       0%         N/A       100%        3
 Stone Arrow              Conj/Erth      0%         3d7       100%        3
 Leda's Liquefaction      Hex/Erth       0%         N/A       100%        4
 Summon Lightning Spire   Summ/Air       0%         N/A       100%        4
 Freezing Cloud           Conj/Ice/Air   0%         6-21      100%        5
 Yara's Violent Unravell  Hex/Tmut       0%         3d3       100%        5
 Enfeeble                 Hex            0%         N/A       100%        7
 Storm Form               Tmut/Air       0%         N/A       100%        7
 Maxwell's Capacitive Co  Air            0%         ∞         100%        8


Dungeon Overview and Level Annotations

Branches:
Dungeon (8/15)             Temple (0/1) D:5
   Lair: D:8-11

Altars:
Ashenzari
Nemelex Xobeh
Ru
Trog
Uskayaw
Vehumet
Wu Jian
Xom

Annotations:
D:3 Grinder
D:8 1 transporter, Erica


Message History

You are too injured to fight recklessly!
Unknown command.
Unknown command.
You feel better.
Erica points at your orc and mumbles some strange words.
The lance of force hits your orc!!
Your orc dies!
You are too injured to fight recklessly!
You are too injured to fight recklessly!
Erica shouts!
You slash Erica!
Erica is almost dead.
You barely miss Erica.
Erica is almost dead.
Erica hits you with a +1 scimitar of flaming.
You closely miss Erica.
Erica is almost dead.
Erica gestures at you while chanting. The lance of force hits you!
* * * LOW HITPOINT WARNING * * *
You are knocked back by the lance of force.
Aiming: Mindburst
Press: ? - help, Shift-Dir - straight line, f - Erica
Aim: Erica, wielding a +1 scimitar of flaming and wearing a +0 robe (almost dead, chance to affect: 29%)
Okay, then.
Okay, then.
Okay, then.
You feel much better. Erica casts a spell at you.
You resist with significant effort. Erica gestures at you while chanting.
The lance of force hits you!!
* * * LOW HITPOINT WARNING * * *
You are knocked back by the lance of force.
You slam into the rock wall!
* * * LOW HITPOINT WARNING * * *
Erica points at you and mumbles some strange words.
The bolt of poison hits you!
You are lethally poisoned!
You die...

#####.....# #.......... #.....#
#.......... #.....# #..........
#<)...# #.......... #.....#
#.......... #.@...# #..........
#.....# #..........
############.....######..........
..........######@........###.####
..........# #.........#.......
..........# #.........#.......
......)...# #.........#.......
..........# #..>......#.>.....
..........# #....[....#.......
..........# #.........#.......
..........######.........#.......
........###.##.###'###'###.......


You could see Erica.

Vanquished Creatures
  A kobold demonologist (D:7)
  A wyvern (D:8)
  2 sky beasts (D:7)
  3 black bears
  2 centaurs
  2 phantoms
  A kobold brigand (D:8)
  A necrophage (D:7)
  4 bullfrogs
  4 scorpions
  6 killer bees (D:7)
  2 jellies
  4 crimson imps (D:5)
  6 hounds
  4 orc priests
  A gnoll bouda (D:6)
  4 iguanas
  2 orc wizards (D:8)
  10 gnolls
  5 adders
  3 white imps
  An ufetubus (D:4)
  2 worms
  3 dart slugs
  18 orcs
  6 ball pythons
  5 endoplasms
  2 giant cockroaches
  2 hobgoblins
  5 jackals (D:1)
  22 kobolds
  3 quokkas
  2 bats
  4 frilled lizards
  9 goblins
  5 rats
157 creatures vanquished.

Vanquished Creatures (others)
  2 orcs
  A ball python (D:4)
  A fungus (D:2)
4 creatures vanquished.

Grand Total: 161 creatures vanquished

Notes
Turn   | Place    | Note
-------+----------+-------------------------------------------
     0 | D:1      | MacCMillion the Hill Orc Fighter began the quest for the
                  | Orb.
     0 | D:1      | Reached XP level 1. HP: 19/19 MP: 1/1
    30 | D:1      | Reached skill level 3 in Axes
    51 | D:1      | Reached XP level 2. HP: 26/26 MP: 2/2
   433 | D:1      | Reached XP level 3. HP: 28/31 MP: 3/3
   793 | D:1      | Reached skill level 4 in Axes
  1298 | D:2      | You fall into a shaft and drop 2 floors!
  1324 | D:3      | Identified the +0 pair of boots "Safuom" {+Blink +Inv}
  1579 | D:2      | Reached XP level 4. HP: 12/37 MP: 4/4
  1819 | D:2      | Reached skill level 5 in Axes
  2188 | D:2      | Found a faded altar of an unknown god.
  2456 | D:3      | Identified the +0 chain mail of Arcadian the Leaf {rPois
                  | Will- Str+7}
  2531 | D:3      | Found a sparkling altar of Nemelex Xobeh.
  2531 | D:3      | Found a broken altar of Ashenzari.
  2787 | D:3      | Found a hide-covered altar of Uskayaw.
  2913 | D:3      | Noticed Grinder
  2921 | D:3      | Paralysed by Grinder for 2 turns
  2944 | D:3      | Paralysed by Grinder for 5 turns
  2956 | D:3      | Paralysed by Grinder for 2 turns
  3669 | D:4      | Reached XP level 5. HP: 46/46 MP: 5/5
  3723 | D:4      | Reached skill level 6 in Axes
  3835 | D:4      | Became a worshipper of Beogh the Brigand
  4250 | D:4      | Found a sacrificial altar of Ru.
  4477 | D:5      | Entered Level 5 of the Dungeon
  4533 | D:5      | Noticed a phantom
  4545 | D:4      | Reached XP level 6. HP: 52/55 MP: 6/6
  4617 | D:4      | Reached skill level 5 in Fighting
  4816 | D:5      | Reached skill level 7 in Axes
  5110 | D:5      | Reached * piety under Beogh
  5120 | D:5      | Reached skill level 8 in Axes
  5220 | D:5      | Reached XP level 7. HP: 56/61 MP: 7/7
  5282 | D:5      | Reached skill level 9 in Axes
  5436 | D:5      | Found a shimmering altar of Xom.
  5496 | D:5      | Reached skill level 10 in Axes
  5532 | D:5      | Found an ornate altar of the Wu Jian Council.
  5623 | D:5      | Found a staircase to the Ecumenical Temple.
  5733 | D:5      | Reached XP level 8. HP: 63/68 MP: 8/8
  6270 | D:6      | Reached skill level 11 in Axes
  6272 | D:6      | Reached skill level 1 in Stealth
  7020 | D:7      | Reached ** piety under Beogh
  7427 | D:7      | Reached XP level 9. HP: 77/78 MP: 9/9
  7489 | D:7      | Reached skill level 12 in Axes
  7489 | D:7      | Reached skill level 5 in Armour
  8095 | D:7      | Noticed a kobold demonologist
  8104 | D:7      | Noticed a smoke demon
  8106 | D:7      | Killed a kobold demonologist
  8811 | D:8      | Found a bloodstained altar of Trog.
  8952 | D:8      | Reached skill level 13 in Axes
  8956 | D:8      | Reached skill level 1 in Invocations
  9113 | D:8      | Found a radiant altar of Vehumet.
  9309 | D:8      | Reached *** piety under Beogh
  9407 | D:8      | Found a transporter.
  9598 | D:8      | Noticed Erica
  9638 | D:8      | Killed from afar by Erica

Illustrated notes

Levels and vault maps discovered:
D:1:      doesnt_arrival_eight_statues, layout_loops_corners, minivault_14,
          chequers_serial_rivers_room_a
D:2:      layout_loops_cross, shapermc_ecumenical_altar_ellora,
          minmay_fountain_box, st_stairs_6
D:3:      layout_loops_ring, jmf_multi_god_temple, lemuel_tele_altar,
          uniq_grinder
D:4:      layout_basic, kennysheep_mini_moat, minmay_misc_feat_rugged,
          hex_intersection
D:5:      black_bear_nest_1, layout_cave_pools, nicolae_wu_jian_glorious_leap,
          led_xom_imps, temple_doors_cd, amcnicky_mini_pool_medium
D:6:      layout_basic, minmay_misc_feat_plants
D:7:      layout_basic
D:8:      layout_gridville, mainiacjoe_overflow_six_doors_small,
          overflow_temple_1_default, dk_vineyard_3, nicolae_diode_basic,
          uniq_erica

Skill      XL: |  1  2  3  4  5  6  7  8  9 |
---------------+----------------------------+-----
Axes           | 3 4 5 6 8 10 11 13 | 13.5
Shields        | 4 |  4.0
Fighting       | 4 5 6 7 |  7.3
Armour         | 4 5 |  5.7
Stealth        | 2 3 |  3.0
Invocations    | 2 |  2.8

Action                   |  1- 3 |  4- 6 |  7- 9 || total
-------------------------+-------+-------+-------++-------
Melee: War axe           |    90 |   200 |   286 ||   576
Throw: Dart              |       |     4 |    20 ||    24
Invok: Convert to Beogh  |       |     1 |       ||     1
  Use: Scroll            |     1 |       |     6 ||     7
       Potion            |       |       |     2 ||     2
Armor: Scale mail        |    41 |    20 |       ||    61
       Chain mail        |       |    85 |   148 ||   233
Dodge: Dodged            |    40 |    62 |    97 ||   199
Block: Buckler           |    18 |    37 |    62 ||   117
